 Dungeon Crawl Stone Soup version 0.27-a0-1278-g6cbc8dfb29 (webtiles) character file.

Game seed: 8628961943373677338

1951 deletemesenpai the Cleaver (level 9, -19/79 HPs)
             Began as a Hill Orc Fighter on June 13, 2021.
             Was a Believer of Beogh.
             Killed from afar by a deep elf pyromancer (31 damage)
             ... with a bolt of fire
             ... on level 7 of the Dungeon.
             The game lasted 00:17:20 (6049 turns).

deletemesenpai the Cleaver (Hill Orc Fighter)       Turns: 6049, Time: 00:17:21

Health: -19/79     AC: 16    Str: 22    XL:     9   Next: 18%
Magic:  9/9        EV:  6    Int: 10    God:    Beogh [**....]
Gold:   337        SH: 16    Dex: 10    Spells: 8/8 levels left

rFire    . . .     SeeInvis .   C - +8 war axe of the Mosquito {vorpal, rElec Str+3 Int+2 Dex-3}
rCold    + . .     Faith    .   c - +0 kite shield
rNeg     . . .     Spirit   .   b - +3 chain mail
rPois    .         Reflect  +   I - +2 hat {Will+}
rElec    +         Harm     .   (no cloak)
rCorr    +         Rampage  .   (no gloves)
Will     +....                  A - +0 pair of boots
Stlth    ..........             H - amulet of reflection
HPRegen  0.23/turn              r - ring of resist corrosion
MPRegen  0.11/turn              J - ring of protection from cold

@: no status effects
A: no striking features
a: Renounce Religion, Smiting


You were on level 7 of the Dungeon.
You worshipped Beogh.
Beogh was pleased with you.
You visited 1 branch of the dungeon, and saw 7 of its levels.

You collected 337 gold pieces.

Inventory:

Hand Weapons
 a - a +3 hunting sling
 q - a +6 club
 C - the +8 war axe of the Mosquito (weapon) {vorpal, rElec Str+3 Int+2 Dex-3}
   (You found it on level 5 of the Dungeon)

   It inflicts extra damage upon your enemies.
   It affects your strength (+3).
   It affects your intelligence (+2).
   It affects your dexterity (-3).
   It insulates you from electricity.
 K - a +4 flail of protection
 M - a +5 flail
Missiles
 w - 34 poisoned darts (quivered)
Armour
 b - a +3 chain mail (worn)
 c - a +0 kite shield (worn)
 m - a +0 helmet
 s - a +0 plate armour
 A - a +0 pair of boots (worn)
 I - a +2 hat of willpower (worn)
Magical Staves
 k - a staff of air
 o - a staff of poison
 L - a staff of earth
Jewellery
 r - a ring of resist corrosion (left hand)
 t - a ring of ice
 H - an amulet of reflection (around neck)
 J - a ring of protection from cold (right hand)
Wands
 z - a wand of flame (16)
 B - a wand of charming (8)
Scrolls
 g - 5 scrolls of identify
 j - a scroll of magic mapping {unknown}
 l - a scroll of holy word {unknown}
 n - 3 scrolls of noise {unknown}
 p - a scroll of torment {unknown}
 u - a scroll of acquirement {unknown}
 v - a scroll of vulnerability {unknown}
 x - a scroll of enchant armour {unknown}
 y - 2 scrolls of teleportation {unknown}
 G - a scroll of enchant weapon {unknown}
Potions
 d - 2 potions of might
 e - 3 potions of curing
 f - a potion of haste
 h - 4 potions of lignification
 i - 2 potions of heal wounds
 D - a potion of attraction {unknown}
 E - 2 potions of brilliance {unknown}
 F - a potion of flight {unknown}


   Skills:
 * Level 7.2 Fighting
 + Level 9.0(9.1) Axes
 + Level 1.5(5.0) Maces & Flails
 + Level 0.7 Throwing
 + Level 5.9 Armour
 * Level 7.7 Shields


You had 8 spell levels left.
You didn't know any spells.
Your spell library contained the following spells:

 Spells                   Type           Power      Damage    Failure   Level
 Corona                   Hex            0%         N/A       100%        1
 Ensorcelled Hibernation  Hex/Ice        0%         N/A       100%        2
 Confusing Touch          Hex            0%         N/A       100%        3
 Dazzling Flash           Conj/Hex       0%         N/A       100%        3
 Tukima's Dance           Hex            0%         N/A       100%        3


Dungeon Overview and Level Annotations

Branches:
Dungeon (7/15)             Temple (0/1) D:5

Altars:
Hepliaklqana
Wu Jian

Shops:
D:2 =**:   D:3 =


Message History

You block the deep elf pyromancer's attack.
The fire elemental hits you. The fire elemental burns you!
You barely miss the deep elf pyromancer.
The deep elf pyromancer is severely wounded.
You hit the fire elemental but do no damage.
The deep elf pyromancer hits you but does no damage.
The fire elemental barely misses you. You block the fire elemental's attack.
You slice the fire elemental!!
The fire elemental is severely damaged.
You closely miss the deep elf pyromancer.
The deep elf pyromancer casts a spell at you.
The sticky flame hits you!
You are covered in liquid flames!
You block the fire elemental's attack.
The deep elf pyromancer hits you but does no damage.
You are covered in liquid flames!
You block the fire elemental's attack.
The deep elf pyromancer gestures at you while chanting.
The sticky flame hits you but does no damage.
You are covered in liquid flames!
Things that are here:
10 arrows; a +0 shortbow You barely miss the fire elemental.
The fire elemental is severely damaged.
You are covered in liquid flames!
The fire elemental hits you. The fire elemental burns you!
The fire elemental hits you. The fire elemental burns you!
You are covered in liquid flames!
* * * LOW HITPOINT WARNING * * *
The deep elf pyromancer casts a spell.
You are covered in liquid flames!
* * * LOW HITPOINT WARNING * * *
You are no longer on fire.
The fire elemental hits you. The fire elemental burns you!
* * * LOW HITPOINT WARNING * * *
The deep elf pyromancer points at you and mumbles some strange words.
The bolt of fire misses the fire elemental.
The bolt of fire hits you!!
You die...

. ##.###.....## c
#.....##....# e ##......
##...# #
##......#####..#
.##....####...#..###
#.#..####.#...#....#
..[........⌠....##.#
###..###......#..[.# #
#....####.._#[@#.....#
####......#####EE#.###.#
...##......$##○○.#..
....##°E...##○E#.##+#
.....###.###..☼e.#
..........†...°.##
#....?##.##.#..##
#.....##.##(..)+
#........###.###


You could see a deep elf pyromancer and 3 fire elementals.

Vanquished Creatures
  A death knight (D:7)
  A troll (D:7)
  A vampire (D:7)
  A sky beast (D:6)
  A black bear (D:6)
  A necrophage (D:7)
  An ice beast (D:5)
  A centaur (D:7)
  A kobold brigand (D:6)
  A bullfrog (D:4)
  A scorpion (D:4)
  2 howler monkeys
  2 wights (D:7)
  A centaur zombie (D:7)
  4 hounds
  Jessica (D:3)
  3 orc wizards
  2 iguanas
  9 adders
  2 ufetubi
  3 worms
  5 dart slugs
  8 orcs
  10 ball pythons
  2 bats (D:2)
  6 endoplasms
  7 giant cockroaches
  6 goblins
  10 hobgoblins
  6 kobolds
  8 quokkas
  3 frilled lizards
  6 rats
117 creatures vanquished.

Vanquished Creatures (others)
  A centaur zombie (D:7)
1 creature vanquished.

Grand Total: 118 creatures vanquished

Notes
Turn   | Place    | Note
-------+----------+-------------------------------------------
     0 | D:1      | deletemesenpai the Hill Orc Fighter began the quest for the
                  | Orb.
     0 | D:1      | Reached XP level 1. HP: 19/19 MP: 1/1
    90 | D:1      | Reached XP level 2. HP: 26/27 MP: 2/2
    97 | D:1      | You fall into a shaft and drop 1 floor!
   165 | D:2      | Found Duhut's Assorted Antiques.
   175 | D:2      | Reached skill level 3 in Axes
   175 | D:2      | Reached XP level 3. HP: 29/33 MP: 3/3
   535 | D:1      | Found a faded altar of an unknown god.
  1069 | D:2      | Found Lonog's General Store.
  1069 | D:2      | Found Otuogg's Book Emporium.
  1154 | D:2      | Reached XP level 4. HP: 38/40 MP: 4/4
  1524 | D:2      | Found Vahocut's Jewellery Boutique.
  1741 | D:3      | Noticed Jessica
  1746 | D:3      | Killed Jessica
  1747 | D:3      | Reached skill level 4 in Axes
  1994 | D:3      | Found Higiass's Jewellery Shop.
  2058 | D:3      | Became a worshipper of Beogh the Brigand
  2091 | D:3      | Reached XP level 5. HP: 21/47 MP: 5/5
  2989 | D:4      | Reached skill level 1 in Maces & Flails
  3142 | D:4      | Reached * piety under Beogh
  3148 | D:4      | Reached XP level 6. HP: 50/53 MP: 6/6
  3198 | D:4      | Reached skill level 5 in Fighting
  3198 | D:4      | Reached skill level 5 in Axes
  3198 | D:4      | Reached skill level 5 in Shields
  3874 | D:5      | Entered Level 5 of the Dungeon
  3874 | D:5      | Found a staircase to the Ecumenical Temple.
  3901 | D:5      | Reached XP level 7. HP: 47/61 MP: 7/7
  4070 | D:5      | Reached skill level 5 in Armour
  4114 | D:5      | Identified the +8 war axe of the Mosquito {vorpal, rElec
                  | Str+3 Int+2 Dex-3}
  4641 | D:6      | Reached skill level 6 in Axes
  4652 | D:6      | Reached ** piety under Beogh
  4668 | D:6      | Reached XP level 8. HP: 56/70 MP: 8/8
  5125 | D:6      | Reached skill level 7 in Axes
  5322 | D:6      | Found a hazy altar of Hepliaklqana.
  5719 | D:7      | Found an ornate altar of the Wu Jian Council.
  5744 | D:7      | Noticed a troll
  5749 | D:7      | Noticed a death knight
  5749 | D:7      | Noticed a deep elf pyromancer
  5814 | D:7      | Killed a troll
  5815 | D:7      | Reached skill level 8 in Axes
  5851 | D:7      | Killed a death knight
  5852 | D:7      | Reached XP level 9. HP: 42/79 MP: 9/9
  5935 | D:7      | Reached skill level 9 in Axes
  6049 | D:7      | Killed from afar by a deep elf pyromancer

Illustrated notes

Levels and vault maps discovered:
D:1:      dpeg_arrival_ternary, layout_loops_ring,
          hellmonk_ecumenical_altar_zigzags
D:2:      layout_loops_ring, serial_shops, nicolae_shop_crystal,
          nicolae_shop_crystal, shop, shop
D:3:      layout_basic, serial_shops,
          nicolae_shop_temple_entry_statues_fountains, gup_sewer_entry_pipe,
          minmay_misc_feat_doors, uniq_jessica
D:4:      layout_loops_ring, minmay_unequal
D:5:      layout_rooms, minmay_temple_entry_drinking_statues,
          serial_corexii_hall, corexii_hall_statues_i, corexii_hall_statues_l
D:6:      layout_basic, lemuel_crystal_altar
D:7:      minmay_the_grid_octo_tiled_octocenter [minmay_the_grid_octo_empty,
          minmay_the_grid_octo_vomiting_pacman, minmay_the_grid_octo_empty,
          minmay_the_grid_octo_shrine,
          minmay_the_grid_octo_prize_ultimate_mussel_roller,
          minmay_the_grid_square_5x5_trominoes,
          minmay_the_grid_square_5x5_hourglass,
          minmay_the_grid_square_5x5_seven, minmay_the_grid_square_5x5_forky],
          layout_rooms, grunt_ministairs_14, serial_bayou_pond_a,
          grunt_decor_arrowhead

Skill      XL: |  1  2  3  4  5  6  7  8  9 |
---------------+----------------------------+-----
Fighting       | 4 5 7 |  7.2
Axes           | 3 4 5 6 8 9 |  9.0
Shields        | 4 5 6 7 |  7.7
Armour         | 4 5 |  5.9
Maces & Flails | 1 |  1.5
Throwing       | |  0.7

Action                   |  1- 3 |  4- 6 |  7- 9 || total
-------------------------+-------+-------+-------++-------
Melee: War axe           |    65 |   106 |   103 ||   274
       Club              |       |    93 |       ||    93
Throw: Dart              |       |       |     7 ||     7
Invok: Convert to Beogh  |       |     1 |       ||     1
  Use: Scroll            |       |       |     4 ||     4
       Potion            |       |       |     2 ||     2
Armor: Scale mail        |    19 |    11 |       ||    30
       Plate armour      |       |    55 |       ||    55
       Chain mail        |       |    92 |    63 ||   155
Dodge: Dodged            |    20 |    63 |    32 ||   115
Block: Kite shield       |    41 |   123 |    72 ||   236
       Reflection        |       |       |     1 ||     1

Table legend: (Time is in decaauts)
 A = Elapsed time spent in this place.
 B = Non-inter-level travel time spent in this place.
 C = Inter-level travel time spent in this place.
 D = Time resting spent in this place.
 E = Time spent auto-exploring this place.
 F = Levels seen in this place.
 G = Mean time per level.
                   A        B        C        D        E       F      G
               +--------+--------+--------+--------+--------+-----+--------+
         Total |   6213 |   6116 |     97 |    876 |   3390 |   7 |  887.6 |
       Dungeon |   6213 |   6116 |     97 |    876 |   3390 |   7 |  887.6 |
               +--------+--------+--------+--------+--------+-----+--------+

Top non-repeatable levels by time:
     D:6: 1271 daAuts
     D:3: 1220 daAuts
     D:4: 1053 daAuts
     D:1: 1010 daAuts
     D:2: 730 daAuts
     D:5: 703 daAuts
     D:7: 224 daAuts
